[Event "FIDE WCCC U8 2018"]
[Site "Santiago de Compostela"]
[Date "2018.11.10"]
[Round "6"]
[White "Chennareddy, Yuvraj"]
[Black "Usov, Aleksandr E."]
[Result "1-0"]
[ECO "B11"]
[WhiteElo "1497"]
[BlackElo "1640"]
[Annotator "NA RC"]
[PlyCount "209"]
[EventDate "2018.11.04"]
[EventType "swiss"]
[EventCountry "ESP"]
[SourceTitle "playchess.com"]
[Source "ChessBase"]
[SourceQuality "1"]
[TimeControl "40/5400+30:1800+30"]

1. e4 c6 2. Nc3 d5 3. Nf3 Bg4 4. h3 Bxf3 5. Qxf3 e6 6. d3 Nd7 7. Bd2 Bd6 8. O-O-O h5 9. d4 Bb4 10. Qg3 Bxc3 11. Bxc3 g6 12. exd5 cxd5 13. Bb5 Ngf6 14. f3 a6 15. Bd3 Qb8 16. Qg5 Qc7 17. Be1 Nh7 18. Qh4 Qd8 19. Qxd8+ Rxd8 20. Ba5 Rc8 21. Kb1 Nhf6 22. a4 Nb8 23. b3 Nc6 24. Bc3 Ne7 25. Bd2 Nf5 26. Bxf5 gxf5 27. Bg5 Nd7 28. Rde1 Rg8 29. f4 Rc6 30. Re2 Nb6 31. Kb2 Nc8 32. Rd1 Nd6 33. Rd3 Ne4 34. Bh4 Kd7 35. Be1 Rcc8 36. g3 Rg6 37. Ree3 h4 38. gxh4 Rg2 39. Bc3 b5 40. axb5 axb5 41. b4 Rg1 42. Re1 Rg2 43. Ree3 Nd6 44. Rg3 Re2 45. h5 Rh8 46. Rd1 Nc4+ 47. Kb3 Ra8 48. Ra1 Nd2+ 49. Kb2 Nc4+ 50. Kb1 Na3+ 51. Kc1 Rxc2+ 52. Kd1 Rf2 53. Be1 Rxf4 54. Raxa3 Rxd4+ 55. Ke2 Re4+ 56. Kf1 Rc8 57. Rac3 Rh8 58. Rg7 Rxh5 59. Rxf7+ Kd6 60. Bg3+ e5 61. Rf6+ Ke7 62. Ra6 Rc4 63. Bxe5 Rxc3 64. Bxc3 Rxh3 65. Bd4 f4 66. Rf6 f3 67. Rf4 Ke6 68. Kf2 Rh2+ 69. Kxf3 Rh3+ 70. Kg4 Rb3 71. Bc5 Ke5 72. Rf3 Rb1 73. Re3+ Kf6 74. Kf3 Kf5 75. Ke2 Ra1 76. Kd2 Ra2+ 77. Kd3 Ra1 78. Kd4 Rd1+ 79. Rd3 Rh1 80. Kxd5 Rh8 81. Kc6 Rb8 82. Rd7 Ke6 83. Re7+ Kf6 84. Rb7 Rc8+ 85. Kxb5 Ke6 86. Rb6+ Ke5 87. Rd6 Rb8+ 88. Kc4 Rg8 89. b5 Rg4+ 90. Rd4 Rg2 91. b6 Rc2+ 92. Kb5 Rb2+ 93. Kc6 Rxb6+ 94. Kxb6 Ke6 95. Kc6 Ke5 96. Bb6 Ke6 97. Re4+ Kf5 98. Kd5 Kf6 99. Bd8+ Kf5 100. Be7 Kg6 101. Ke6 Kg7 102. Rg4+ Kh6 103. Kf5 Kh7 104. Bf6 Kh6 105. Rh4# 1-0

[Event "FIDE WCCC U8 2018"]
[Site "Santiago de Compostela"]
[Date "2018.11.10"]
[Round "6"]
[White "Chen, Zhiyuan"]
[Black "Udipi, Kala Kishan"]
[Result "1/2-1/2"]
[ECO "A07"]
[WhiteElo "1459"]
[BlackElo "1653"]
[Annotator "NA RC"]
[PlyCount "133"]
[EventDate "2018.11.04"]
[EventType "swiss"]
[EventCountry "ESP"]
[SourceTitle "playchess.com"]
[Source "ChessBase"]
[SourceQuality "1"]
[TimeControl "40/5400+30:1800+30"]

1. Nf3 Nf6 2. g3 c6 3. Bg2 d5 4. O-O Bg4 5. d3 Nbd7 6. h3 Bh5 7. Qe1 e5 8. e4 dxe4 9. dxe4 Be7 10. Nh4 Bg6 11. Nxg6 hxg6 12. b3 a5 13. Bb2 Qb6 14. Nd2 Qc7 15. Rd1 a4 16. Qe2 axb3 17. axb3 O-O 18. Nf3 Ra2 19. Bc3 b5 20. Ra1 Rfa8 21. Rxa2 Rxa2 22. Ra1 Rxa1+ 23. Bxa1 Qa7 24. Bc3 Qc5 25. Bb2 Bd8 26. Ne1 Bc7 27. Nd3 Qa7 28. Nb4 c5 29. Nd5 Nxd5 30. exd5 Qa5 31. Qd3 Bd6 32. Bf1 b4 33. Qc4 Nb6 34. Qe2 Nd7 35. Qb5 Qxb5 36. Bxb5 Nb6 37. Bc4 Kf8 38. Kg2 Ke7 39. g4 Bc7 40. Kf3 f5 41. Ke2 fxg4 42. hxg4 Kd6 43. f4 exf4 44. Bxg7 Nxd5 45. Bf8+ Kc6 46. Kf3 Ne3 47. Bd3 Kd5 48. Be4+ Kd4 49. Bg7+ Be5 50. Bxe5+ Kxe5 51. Bxg6 c4 52. g5 cxb3 53. cxb3 Nf1 54. Ke2 Ng3+ 55. Kd3 f3 56. Ke3 Nf1+ 57. Kxf3 Nd2+ 58. Kg4 Nxb3 59. Kh5 Nc5 60. Bc2 b3 61. Bxb3 Nxb3 62. g6 Nc5 63. g7 Ne4 64. Kg6 Nf6 65. Kf7 Kf5 66. g8=R Nxg8 67. Kxg8 1/2-1/2

[Event "FIDE WCCC U8 2018"]
[Site "Santiago de Compostela"]
[Date "2018.11.10"]
[Round "6"]
[White "Sevig, Mert Can"]
[Black "Lu, Miaoyi"]
[Result "0-1"]
[ECO "B14"]
[WhiteElo "1442"]
[BlackElo "1717"]
[Annotator "NA"]
[PlyCount "58"]
[EventDate "2018.11.04"]
[EventType "swiss"]
[EventCountry "ESP"]
[SourceTitle "playchess.com"]
[Source "ChessBase"]
[SourceQuality "1"]
[TimeControl "40/5400+30:1800+30"]

1. e4 c6 2. d4 d5 3. exd5 cxd5 4. c4 Nf6 5. Nc3 e6 6. Nf3 Bb4 7. Bd2 O-O 8. a3 Be7 9. c5 b6 10. b4 Bb7 11. Bd3 Ne4 12. Qe2 f5 13. Ne5 Bf6 14. f4 Bxe5 15. dxe5 bxc5 16. Bxe4 fxe4 17. bxc5 Ba6 18. Qg4 Qd7 19. a4 Bd3 20. Nb5 Nc6 21. Ra3 a6 22. Nd6 Rab8 23. Bc1 Rb1 24. Kd2 Nd4 25. Rxd3 exd3 26. Kxd3 Qxa4 27. Be3 Qc2+ 28. Kxd4 Rb4+ 29. Nc4 Qxc4# 0-1

[Event "FIDE WCCC U8 2018"]
[Site "Santiago de Compostela"]
[Date "2018.11.11"]
[Round "7"]
[White "Nurgaliyev, Sauat"]
[Black "Azadaliyev, Jahandar"]
[Result "1/2-1/2"]
[ECO "B13"]
[WhiteElo "1764"]
[BlackElo "1674"]
[Annotator "NA RC"]
[PlyCount "210"]
[EventDate "2018.11.04"]
[EventType "swiss"]
[EventCountry "ESP"]
[SourceTitle "playchess.com"]
[Source "ChessBase"]
[SourceQuality "1"]
[TimeControl "40/5400+30:1800+30"]

1. e4 c6 2. d4 d5 3. exd5 cxd5 4. Bd3 Nc6 5. c3 Nf6 6. Bf4 Bg4 7. Qb3 Na5 8. Qa4+ Bd7 9. Qc2 e6 10. Nf3 Qb6 11. a4 Rc8 12. O-O Be7 13. Nbd2 O-O 14. Ne5 h6 15. Rfe1 Rfd8 16. Re3 Be8 17. b4 Bxb4 18. Rb1 Rxc3 19. Bh7+ Nxh7 20. Rxc3 Qxd4 21. Rf3 Bxd2 22. Qxd2 Qxd2 23. Bxd2 Nc6 24. Nd3 b6 25. Re3 Nf6 26. f3 Kf8 27. Ree1 Ke7 28. Kf2 Nd7 29. Rbc1 Kd6 30. Bc3 f6 31. Bb2 e5 32. Ba3+ Kc7 33. Be7 Rc8 34. Nb4 Ndb8 35. Nxd5+ Kb7 36. Red1 Bf7 37. Ba3 Rd8 38. Ne3 Bb3 39. Rxd8 Nxd8 40. Nf5 Bxa4 41. Nxg7 Nbc6 42. Nf5 b5 43. Nxh6 b4 44. Bb2 Ne6 45. g3 b3 46. Ra1 Nc5 47. Ke2 Bb5+ 48. Kd2 a5 49. Nf5 Na4 50. Rb1 Nb4 51. Nd6+ Kc6 52. Nxb5 Kxb5 53. Ba3 Nc5 54. h4 e4 55. h5 exf3 56. h6 Ne4+ 57. Ke3 Ng5 58. Rxb3 Kc4 59. Bxb4 Kxb3 60. Bxa5 Kc4 61. Bd8 Nh7 62. Kxf3 Kd5 63. Kg4 Ke6 64. Ba5 Nf8 65. Bb4 Nh7 66. Ba3 Ng5 67. Bc1 Nh7 68. Ba3 Ng5 69. Bf8 Nh7 70. Bg7 Ng5 71. Bf8 Nh7 72. Ba3 Ng5 73. Bb2 Nh7 74. Bc3 Ng5 75. Bd2 Nh7 76. Bc1 Nf8 77. Kf4 Nh7 78. Ke4 Nf8 79. g4 Nh7 80. Kd4 Nf8 81. Ke4 Nh7 82. Ba3 Ng5+ 83. Kf4 Nh7 84. Bb4 Ng5 85. Ba5 Nh7 86. Bd2 Ng5 87. Be3 Nh7 88. Kg3 Kf7 89. Kh4 Kg6 90. Kg3 Kf7 91. Bd2 Ke6 92. Kh4 Kf7 93. Kh5 Nf8 94. Bb4 Nh7 95. Bd2 Nf8 96. g5 fxg5 97. Kxg5 Nh7+ 98. Kf5 Nf6 99. Bc3 Nh7 100. Bg7 Nf8 101. Ke5 Nd7+ 102. Kd6 Nf6 103. Bh8 Ng4 104. h7 Kg6 105. Ke6 Kxh7 1/2-1/2

[Event "FIDE WCCC U8 2018"]
[Site "Santiago de Compostela"]
[Date "2018.11.11"]
[Round "7"]
[White "Schnaider, Ilan"]
[Black "Shashindhar, Kumar R"]
[Result "1-0"]
[ECO "B72"]
[WhiteElo "1723"]
[BlackElo "1086"]
[Annotator "NA RC"]
[PlyCount "79"]
[EventDate "2018.11.04"]
[EventType "swiss"]
[EventCountry "ESP"]
[SourceTitle "playchess.com"]
[Source "ChessBase"]
[SourceQuality "1"]
[TimeControl "40/5400+30:1800+30"]

1. e4 c5 2. Nf3 d6 3. d4 cxd4 4. Nxd4 Nf6 5. Nc3 g6 6. Be3 Bg7 7. g3 O-O 8. Bg2 Nc6 9. O-O Bd7 10. h3 Qc8 11. Kh2 Na5 12. f4 Rb8 13. Qe2 Nc4 14. Nd1 Nxe3 15. Nxe3 Nxe4 16. Nd5 Qd8 17. Qxe4 e6 18. Nc3 d5 19. Qe3 Qb6 20. Nce2 Qxb2 21. Rfb1 Bxd4 22. Nxd4 Qxa1 23. Rxa1 b6 24. Bf1 b5 25. Rb1 a6 26. a4 b4 27. Bxa6 Bxa4 28. Qd3 Rb6 29. Bb5 Bxb5 30. Nxb5 Rfb8 31. Rxb4 Kg7 32. c3 h5 33. Nd6 Rxb4 34. cxb4 Rxb4 35. Qc3+ d4 36. Qxb4 d3 37. Qd4+ f6 38. Ne8+ Kh6 39. Qxf6 h4 40. Qxh4# 1-0

[Event "FIDE WCCC U8 2018"]
[Site "Santiago de Compostela"]
[Date "2018.11.11"]
[Round "7"]
[White "Lu, Miaoyi"]
[Black "Chen, Ryo"]
[Result "1/2-1/2"]
[ECO "E62"]
[WhiteElo "1717"]
[BlackElo "1573"]
[Annotator "NA RC"]
[PlyCount "111"]
[EventDate "2018.11.04"]
[EventType "swiss"]
[EventCountry "ESP"]
[SourceTitle "playchess.com"]
[Source "ChessBase"]
[SourceQuality "1"]
[TimeControl "40/5400+30:1800+30"]

1. d4 Nf6 2. c4 g6 3. g3 Bg7 4. Bg2 O-O 5. Nc3 d6 6. Nf3 Nc6 7. O-O Bg4 8. d5 Na5 9. Qd3 c5 10. Nd2 a6 11. b3 b5 12. Rb1 bxc4 13. bxc4 Qc7 14. Bb2 Rab8 15. Ba1 Bf5 16. e4 Bd7 17. Ne2 Rb4 18. Bc3 Ra4 19. Rb2 Rb8 20. Rxb8+ Qxb8 21. Rb1 Qc7 22. Rb2 Nxc4 23. Nxc4 Bb5 24. Rxb5 axb5 25. Nb2 Rxa2 26. Qxb5 Ra1+ 27. Bf1 Nxe4 28. Bxg7 Kxg7 29. Nc4 Nf6 30. Nf4 Rd1 31. Ne3 Ra1 32. Nc4 Ra7 33. Qb2 Qb7 34. Qc3 Kg8 35. Nxd6 Qb1 36. Nc4 Ra2 37. Qd3 Qa1 38. Qe3 Ng4 39. Qxe7 Rxf2 40. Ne3 Rf3 41. Qd8+ Kg7 42. Nf5+ gxf5 43. Qg5+ Kh8 44. Qd8+ Kg7 45. Qg5+ Kh8 46. Qd8+ Kg7 47. Qg5+ Kf8 48. Qd8+ Kg7 49. Qg5+ Kh8 50. Qd8+ Kg7 51. Qg5+ Kf8 52. Qd8+ Kg7 53. Qg5+ Kf8 54. Qd8+ Kg7 55. Qg5+ Kf8 56. Qd8+ 1/2-1/2

[Event "FIDE WCCC U8 2018"]
[Site "Santiago de Compostela"]
[Date "2018.11.11"]
[Round "7"]
[White "Udipi, Kala Kishan"]
[Black "Mammadov, Ziya"]
[Result "1-0"]
[ECO "D02"]
[WhiteElo "1653"]
[BlackElo "1446"]
[Annotator "NA RC"]
[PlyCount "99"]
[EventDate "2018.11.04"]
[EventType "swiss"]
[EventCountry "ESP"]
[SourceTitle "playchess.com"]
[Source "ChessBase"]
[SourceQuality "1"]
[TimeControl "40/5400+30:1800+30"]

1. d4 d5 2. Nf3 Nc6 3. Bf4 Bg4 4. e3 e6 5. Be2 Bd6 6. Bxd6 cxd6 7. c4 Nge7 8. Nc3 dxc4 9. Bxc4 O-O 10. O-O Rc8 11. Bb3 Ng6 12. h3 Bxf3 13. Qxf3 e5 14. d5 Nce7 15. Ne4 f5 16. Ng5 Rf6 17. Qh5 h6 18. Ne6 Qd7 19. Rac1 Nf8 20. Rc6 bxc6 21. dxc6 Qxe6 22. Bxe6+ Nxe6 23. Rc1 Nc5 24. Rc4 Rf7 25. b4 Ne4 26. a4 d5 27. Rc2 Rxc6 28. Rxc6 Nxc6 29. b5 Ne7 30. a5 g6 31. Qd1 Nc3 32. Qb3 d4 33. b6 Nc6 34. Qe6 d3 35. bxa7 Nxa7 36. Qe8+ Rf8 37. Qxg6+ Kh8 38. Qxh6+ Kg8 39. Qg6+ Kh8 40. Qd6 Re8 41. Qxd3 Nab5 42. Qd7 Rf8 43. Qe7 Rg8 44. Qxe5+ Rg7 45. a6 Ne2+ 46. Kf1 Nbc3 47. a7 Kh7 48. a8=Q Rd7 49. Qxf5+ Kh6 50. Qh8+ 1-0

[Event "FIDE WCCC U8 2018"]
[Site "Santiago de Compostela"]
[Date "2018.11.11"]
[Round "7"]
[White "Usov, Aleksandr E."]
[Black "Begmuratov, Khumoyun"]
[Result "0-1"]
[ECO "A59"]
[WhiteElo "1640"]
[BlackElo "1880"]
[Annotator "NA RC"]
[PlyCount "104"]
[EventDate "2018.11.04"]
[EventType "swiss"]
[EventCountry "ESP"]
[SourceTitle "playchess.com"]
[Source "ChessBase"]
[SourceQuality "1"]
[TimeControl "40/5400+30:1800+30"]

1. d4 Nf6 2. c4 c5 3. d5 b5 4. cxb5 a6 5. bxa6 Bxa6 6. Nc3 d6 7. g3 g6 8. Nf3 Bg7 9. e4 Bxf1 10. Kxf1 O-O 11. Kg2 Nbd7 12. Qe2 Qb6 13. a4 {[%emt 0:18:48] A59: Benko/Volga Gambit: White castles by hand} Ra5 (13... Rfb8 14. Nb5 Ne8 15. Bg5 Qd8 16. Ra3 Nb6 17. b3 Qd7 18. Ra2 f6 19. Bc1 f5 20. exf5 gxf5 {1-0 (40) Carlsen,M (2837)-Bologan,V (2732) Biel 2012 CBM 150 [Stohl,I]}) 14. Nd2 $146 ({Predecessor:} 14. Bd2 Rfa8 15. b3 Ng4 16. Rab1 Nde5 17. Nb5 R5a6 18. Nxe5 Nxe5 19. Bc3 Rc8 20. f4 Nd7 21. Bxg7 Kxg7 {½-½ (51) Giraud,V (1991)-Denkert,R (1660) Magdeburg 2014}) 14... Qb7 15. Ra3 Nb6 16. b3 Nfd7 17. Nb5 Rfa8 18. Nc4 Nxc4 19. Qxc4 f5 20. Re1 Kh8 21. f3 Ne5 22. Qe2 c4 $1 23. bxc4 fxe4 $1 $14 (23... Qc8 ) 24. fxe4 $11 Rxa4 25. Qa2 (25. Rxa4 Rxa4) 25... Rxa3 26. Bxa3 Qc8 27. Rf1 Ra4 28. Rf2 Nxc4 29. Qb3 Ra8 30. Bb4 Ne5 31. Bc3 Qg4 32. Qc2 Rc8 33. h3 Qd7 34. Qc1 Kg8 35. Qf1 Nc4 36. Qb1 Bxc3 37. Nxc3 Ne3+ 38. Kh2 Rxc3 39. Qe1 Qc8 40. Qe2 Nc4 41. Qa2 Ne5 42. Qa7 Nf3+ 43. Kg2 Ng5 44. g4 Nxh3 45. Kh2 Nxf2 46. Qxf2 Rc2 47. Qxc2 Qxc2+ 48. Kg3 Qxe4 49. Kh4 Kf7 50. Kg5 Qe5+ 51. Kh4 Qh2+ 52. Kg5 h6# 0-1

[Event "FIDE WCCC U8 2018"]
[Site "Santiago de Compostela"]
[Date "2018.11.11"]
[Round "7"]
[White "Usov, Aleksandr E."]
[Black "Begmuratov, Khumoyun"]
[Result "1-0"]
[ECO "A59"]
[WhiteElo "1640"]
[BlackElo "1880"]
[Annotator "NA RC"]
[PlyCount "57"]
[EventDate "2018.11.04"]
[EventType "swiss"]
[EventCountry "ESP"]
[SourceTitle "playchess.com"]
[Source "ChessBase"]
[SourceQuality "1"]
[TimeControl "40/5400+30:1800+30"]

1. d4 Nf6 2. c4 c5 3. d5 b5 4. cxb5 a6 5. bxa6 Bxa6 6. Nc3 d6 7. g3 g6 8. Nf3 Bg7 9. e4 Bxf1 10. Kxf1 O-O 11. Kg2 Nbd7 12. Qe2 Qb6 13. a4 {[%emt 0:18:48] A59: Benko/Volga Gambit: White castles by hand} Ra5 (13... Rfb8 14. Nb5 Ne8 15. Bg5 Qd8 16. Ra3 Nb6 17. b3 Qd7 18. Ra2 f6 19. Bc1 f5 20. exf5 gxf5 {1-0 (40) Carlsen,M (2837)-Bologan,V (2732) Biel 2012 CBM 150 [Stohl,I]}) 14. Nd2 $146 ({Predecessor:} 14. Bd2 Rfa8 15. b3 Ng4 16. Rab1 Nde5 17. Nb5 R5a6 18. Nxe5 Nxe5 19. Bc3 Rc8 20. f4 Nd7 21. Bxg7 Kxg7 {½-½ (51) Giraud,V (1991)-Denkert,R (1660) Magdeburg 2014}) 14... Qb7 15. Ra3 Nb6 16. b3 Nfd7 17. Nb5 Rfa8 18. Nc4 Nxc4 19. Qxc4 f5 20. Re1 Kh8 21. f3 Ne5 22. Qe2 c4 $1 23. bxc4 Qc8 (23... fxe4 $1 $14 24. fxe4 Rxa4 25. Rxa4 Rxa4) 24. Rf1 $11 ({White should try} 24. exf5 $16 Rxa4 25. Rxa4 Rxa4 26. f4 Nxc4 27. Qxe7 Qxf5 28. Qe8+ (28. Nxd6 Qxd5+ 29. Ne4 Ra2+ 30. Kh3 Qh5+ 31. Qh4 Qf5+ 32. g4 Qd5 $11) 28... Qf8 29. Na3 Qxe8 30. Rxe8+ Bf8 31. Rxf8+ Kg7 32. Rd8 Nxa3 33. Rxd6) 24... Rxa4 25. Qa2 Rxa3 26. Bxa3 Ra4 27. Rf2 Nxc4 28. Qb3 Ra8 29. Bb4 1-0

[Event "FIDE WCCC U8 2018"]
[Site "Santiago de Compostela"]
[Date "2018.11.11"]
[Round "7"]
[White "Mamedov, Edgar"]
[Black "Chen, Zhiyuan"]
[Result "1-0"]
[ECO "A48"]
[WhiteElo "1599"]
[BlackElo "1459"]
[Annotator "NA RC"]
[PlyCount "129"]
[EventDate "2018.11.04"]
[EventType "swiss"]
[EventCountry "ESP"]
[SourceTitle "playchess.com"]
[Source "ChessBase"]
[SourceQuality "1"]
[TimeControl "40/5400+30:1800+30"]

1. d4 Nf6 2. Nf3 g6 3. Bf4 Bg7 4. e3 O-O 5. h3 d5 6. Nbd2 c5 7. c3 cxd4 8. exd4 Nc6 9. Be2 h6 10. O-O Ne4 11. Re1 f5 12. Bf1 e6 13. Qc2 Bd7 14. Rad1 Qb6 15. Qb3 Qxb3 16. Nxb3 g5 17. Bh2 b6 18. Nc1 Kh7 19. Nd2 h5 20. f3 Nf6 21. Nd3 f4 22. h4 Bh6 23. hxg5 Bxg5 24. Bxf4 Bxf4 25. Nxf4 Rae8 26. Bd3+ Kh6 27. g3 Rg8 28. Kf2 e5 29. dxe5 Nxe5 30. Nb3 Nxf3 31. Rxe8 Rxe8 32. Be2 Ng5 33. Nxh5 Nxh5 34. Rxd5 Bc6 35. Rd6+ Re6 36. Rxe6+ Nxe6 37. Bg4 Nc7 38. Nd4 Be4 39. c4 Kg5 40. Bc8 Nf6 41. Ke3 Bb1 42. Nf3+ Kg6 43. a3 Ne4 44. Kf4 Nc5 45. b4 Nd3+ 46. Ke3 Nb2 47. Kd4 Kf6 48. Ne5 Ne6+ 49. Bxe6 Kxe6 50. b5 Ba2 51. g4 Kf6 52. Nd7+ Ke7 53. Ne5 Kf6 54. Kd5 Bb3 55. Kd4 Ba2 56. Nc6 Nxc4 57. Nxa7 Nxa3 58. Nc8 Nxb5+ 59. Kd3 Be6 60. Nxb6 Bxg4 61. Nc4 Bf5+ 62. Ke3 Be6 63. Nd2 Bd5 64. Nf3 Bxf3 65. Kxf3 1-0

[Event "FIDE WCCC U8 2018"]
[Site "Santiago de Compostela"]
[Date "2018.11.11"]
[Round "7"]
[White "Chennareddy, Yuvraj"]
[Black "Golovchenko, Bogdan"]
[Result "1-0"]
[ECO "B31"]
[WhiteElo "1497"]
[BlackElo "1556"]
[Annotator "NA RC"]
[PlyCount "209"]
[EventDate "2018.11.04"]
[EventType "swiss"]
[EventCountry "ESP"]
[SourceTitle "playchess.com"]
[Source "ChessBase"]
[SourceQuality "1"]
[TimeControl "40/5400+30:1800+30"]

1. e4 c5 2. Nf3 Nc6 3. Bb5 g6 4. O-O Bg7 5. Re1 Nf6 6. e5 Nd5 7. Nc3 Nxc3 8. dxc3 O-O 9. Bg5 Re8 10. Rb1 Qa5 11. Bc4 b5 12. Bd5 Qc7 13. Qe2 a6 14. Qe3 c4 15. Bh6 Bb7 16. Bxg7 Kxg7 17. Qf4 Nd8 18. Rbd1 Bxd5 19. Rxd5 Ne6 20. Qd2 Red8 21. Rd1 Ra7 22. Qe3 Rb7 23. Nd4 Nxd4 24. R5xd4 Qc5 25. Qe4 Rc7 26. Rd5 Qc6 27. Qd4 Qe6 28. Rd6 Qf5 29. e6+ Qf6 30. Rxd7 Qxd4 31. R1xd4 Rcxd7 32. Rxd7 Re8 33. exf7 Kxf7 34. Kf1 Ra8 35. Ke2 Ke6 36. Rb7 Rd8 37. Rb6+ Rd6 38. Rb8 h5 39. Rc8 Kf5 40. Rc5+ e5 41. a4 bxa4 42. Rxc4 Rb6 43. Rb4 Rb5 44. h4 e4 45. Ke3 Ra5 46. Rxe4 a3 47. bxa3 Rxa3 48. Rc4 a5 49. f3 Ra1 50. g4+ hxg4 51. fxg4+ Ke5 52. Rc6 a4 53. Rxg6 a3 54. Ra6 a2 55. Kd2 Kf4 56. Ra4+ Ke5 57. h5 Kf6 58. Ra5 Rg1 59. Rxa2 Rxg4 60. h6 Rh4 61. Kc1 Ke5 62. Ra5+ Kd6 63. Kb2 Kc6 64. Ra6+ Kb5 65. Rg6 Kc4 66. Rc6+ Kb5 67. Rg6 Kc4 68. Rf6 Kb5 69. Kb3 Rb4+ 70. Ka3 Ra4+ 71. Kb2 Rh4 72. h7 Rxh7 73. Kb3 Rh5 74. c4+ Kc5 75. Rf8 Rh3+ 76. c3 Rh1 77. Rc8+ Kb6 78. c5+ Kb7 79. Rd8 Kc6 80. Kc4 Rh4+ 81. Rd4 Rh5 82. Rd6+ Kc7 83. Kb5 Rh1 84. Rd4 Rh3 85. Rc4 Rh1 86. c6 Rb1+ 87. Kc5 Rb6 88. Kd5 Rb5+ 89. Rc5 Rb1 90. Ra5 Kb6 91. Ra4 Rd1+ 92. Rd4 Rh1 93. Rb4+ Kc7 94. Rb7+ Kc8 95. Kc5 Rc1 96. c4 Rd1 97. Rd7 Rb1 98. Rh7 Rd1 99. c7 Rc1 100. Kd6 Kb7 101. Rh5 Kc8 102. Rh8+ Kb7 103. c8=Q+ Kb6 104. Qc7+ Ka6 105. Ra8# 1-0

[Event "FIDE WCCC U8 2018"]
[Site "Santiago de Compostela"]
[Date "2018.11.11"]
[Round "7"]
[White "Villa Tornero, Alex"]
[Black "Finek, Vaclav"]
[Result "0-1"]
[ECO "B24"]
[WhiteElo "1441"]
[BlackElo "1942"]
[Annotator "NA RC"]
[PlyCount "60"]
[EventDate "2018.11.04"]
[EventType "swiss"]
[EventCountry "ESP"]
[SourceTitle "playchess.com"]
[Source "ChessBase"]
[SourceQuality "1"]
[TimeControl "40/5400+30:1800+30"]

1. e4 c5 2. Nc3 Nc6 3. Bb5 Nd4 4. Bc4 g6 5. Nf3 Bg7 6. Nxd4 cxd4 {[%emt 0:02:26] LiveBook: 341 Games} 7. Qf3 e6 8. Nb5 Be5 {[%emt 0:13:27] B23: Closed Sicilian: Lines without g3} (8... d5 $11 {bleibt in der Remisbreite.} 9. Qg3 (9. exd5 a6 $14) 9... dxc4 10. Nc7+ Kf8) (8... d6 9. Qa3 Ke7 10. c3 dxc3 11. dxc3 a6 12. Nd4 e5 13. Nc2 Be6 14. Qb3 Qc7 15. Bd5 Bxd5 16. Qxd5 Qc6 17. Qd3 h6 18. Nb4 Qe8 19. Nd5+ {1-0 (19) Hou,Y (2673)-Cramling,P (2518) Beijing 2014}) 9. O-O a6 10. Na3 Ne7 11. d3 $146 ({Predecessor:} 11. Bb3 b5 12. c3 Nc6 13. Nc2 Bb7 14. Ne1 Qb6 15. Rb1 O-O 16. Qg4 {0-1 (45) Hoffer,T (1974)-Blancho,G (1870) France 2005}) 11... O-O 12. Bh6 Bg7 13. Bxg7 Kxg7 14. c3 dxc3 15. bxc3 Qa5 16. Nb1 d5 17. exd5 exd5 18. Bb3 Be6 19. d4 Rac8 20. Rc1 Nf5 21. Qe2 Kg8 22. Qb2 Rfe8 23. a4 Nd6 24. Nd2 Qd8 25. Re1 Qa5 26. Rac1 Bd7 27. Kf1 Bxa4 28. Ra1 $2 (28. Rxe8+ Rxe8 29. Kg1 Bxb3 30. Qxb3) 28... Qb5+ 29. c4 $2 (29. Kg1 Rxe1+ 30. Rxe1) 29... dxc4 30. Rxa4 c3+ 0-1

[Event "FIDE WCCC U8 2018"]
[Site "Santiago de Compostela"]
[Date "2018.11.11"]
[Round "7"]
[White "Durovka, Marek"]
[Black "Hajdu, Marton Abris"]
[Result "1/2-1/2"]
[ECO "D02"]
[WhiteElo "1370"]
[BlackElo "1755"]
[Annotator "NA RC"]
[PlyCount "123"]
[EventDate "2018.11.04"]
[EventType "swiss"]
[EventCountry "ESP"]
[SourceTitle "playchess.com"]
[Source "ChessBase"]
[SourceQuality "1"]
[TimeControl "40/5400+30:1800+30"]

1. d4 Nf6 2. Bf4 d5 3. Nf3 c5 4. e3 Nc6 5. Nbd2 Bf5 6. c3 Qb6 7. Qb3 c4 8. Qxb6 axb6 9. Be2 b5 10. O-O b4 11. Ne5 bxc3 12. bxc3 Nxe5 13. Bxe5 e6 14. h4 h6 15. Bxf6 gxf6 16. g4 Bh7 17. a4 f5 18. g5 hxg5 19. hxg5 Rg8 20. f4 f6 21. Nf3 Be7 22. Kf2 Kd7 23. gxf6 Bxf6 24. Rh1 Bg6 25. Rh6 Ke7 26. Rg1 Bf7 27. Bd1 Rxg1 28. Kxg1 Rh8 29. Rxh8 Bxh8 30. Kf2 b6 31. Ne5 Bf6 32. Nxf7 Kxf7 33. Ke2 Be7 34. Kd2 Kg7 35. Bh5 Bh4 36. Ke2 Bg3 37. Be8 Kf6 38. Bh5 Ke7 39. Bg6 Kd6 40. Be8 Kc7 41. Kd2 Bf2 42. Ke2 Bh4 43. Kd2 Be7 44. Kc2 Ba3 45. Kb1 Kd8 46. Bh5 Ke7 47. Kc2 Kd6 48. Be8 Ke7 49. Bh5 Bd6 50. Kd2 Kd7 51. Kc2 Be7 52. Bf7 Bh4 53. Kd2 Ke7 54. Bh5 Kd6 55. Be8 Bg3 56. Ke2 Kc7 57. Bf7 Kd7 58. Kd2 Ke7 59. Bh5 Kd6 60. Be8 Bf2 61. Ke2 Ke7 62. Bh5 1/2-1/2

[Event "FIDE WCCC U8 2018"]
[Site "Santiago de Compostela"]
[Date "2018.11.11"]
[Round "7"]
[White "Lam, Chun Yung Samuel"]
[Black "Yonal, Timur"]
[Result "0-1"]
[ECO "B20"]
[WhiteElo "1309"]
[BlackElo "1524"]
[Annotator "NA RC"]
[PlyCount "96"]
[EventDate "2018.11.04"]
[EventType "swiss"]
[EventCountry "ESP"]
[SourceTitle "playchess.com"]
[Source "ChessBase"]
[SourceQuality "1"]
[TimeControl "40/5400+30:1800+30"]

1. e4 c5 2. Be2 e6 3. f4 d6 4. Nf3 Nc6 5. O-O Qc7 6. d3 a6 7. c3 d5 8. Be3 Nf6 9. e5 Ng4 10. Qd2 Nxe3 11. Qxe3 d4 12. Qf2 b5 13. Kh1 Bb7 14. cxd4 cxd4 15. Nxd4 Nxd4 16. Qxd4 Bc5 17. Qc3 Qb6 18. Nd2 Bd4 19. Qa3 a5 20. Rac1 Be3 21. Qc3 O-O 22. Qc2 Rac8 23. Qd1 Rxc1 24. Qxc1 Rc8 25. Qd1 Bd5 26. b3 Qc6 27. Bf3 Bxf3 28. Nxf3 Qc3 29. Ng5 h6 30. Ne4 Qd4 31. Qe2 b4 32. g3 Qa7 33. Kg2 Rd8 34. Nd6 Bc5 35. Ne4 Bb6 36. Rc1 Qd7 37. Rd1 Qd5 38. Qf3 Bd4 39. Kf1 Rc8 40. Qg4 Kh8 41. Qh5 Rc7 42. g4 Be3 43. Qh4 Bxf4 44. g5 Bxg5 45. Nxg5 Qh1+ 46. Ke2 Qg2+ 47. Qf2 Rc2+ 48. Rd2 Rxd2+ 0-1

[Event "FIDE WCCC U8 2018"]
[Site "Santiago de Compostela"]
[Date "2018.11.12"]
[Round "8"]
[White "Begmuratov, Khumoyun"]
[Black "Chennareddy, Yuvraj"]
[Result "0-1"]
[ECO "A06"]
[WhiteElo "1880"]
[BlackElo "1497"]
[Annotator "NA RC"]
[PlyCount "130"]
[EventDate "2018.11.04"]
[EventType "swiss"]
[EventCountry "ESP"]
[SourceTitle "playchess.com"]
[Source "ChessBase"]
[SourceQuality "1"]
[TimeControl "40/5400+30:1800+30"]

1. Nf3 d5 2. g3 Bg4 3. Bg2 Nf6 4. O-O e6 5. d3 c5 6. Nbd2 Nc6 7. c3 {[%emt 0:01:23] LiveBook: 8 Games} Bd6 {[%emt 0:00:34] A08: King's Indian Attack} (7... Be7 8. a3 O-O 9. b4 Qc7 10. Bb2 a6 11. Rc1 Rad8 12. h3 Bh5 13. Qe1 b5 14. Nh2 c4 15. d4 {1-0 (45) Cordova,E (2621)-Salinas Herrera,P (2463) Montevideo 2018}) 8. Qe1 O-O 9. e4 Qc7 10. h3 Bh5 11. b3 Rad8 $146 ({Predecessor:} 11... Nd7 12. g4 Bg6 13. Nh4 d4 14. Ndf3 Rad8 15. Bb2 {1-0 (70) Berezina,I (2264)-Sanchez Castillo,S (2180) Bled 2002}) 12. a3 b5 13. Bb2 dxe4 14. dxe4 Be5 15. Qe3 Bxf3 16. Nxf3 Na5 17. Nxe5 (17. a4 $11 {remains equal.}) 17... Qxe5 18. Rab1 c4 ({Much weaker is} 18... Nxb3 $6 {[#]} 19. c4 $1 $11 ) 19. b4 Nb3 20. Rbd1 Qc7 21. f4 Nd7 22. Bc1 {[%emt 0:05:32] [#]} Nb6 $1 23. Bf3 {[%emt 0:03:11] [#]} Na4 $1 24. Be2 (24. Kg2 {might work better.}) 24... Qb6 25. Kf2 Nxc3 26. Rxd8 Rxd8 27. Qxb6 axb6 28. Ke3 $2 (28. Bf3 {is a better defense.}) 28... Nd4 29. Bd1 Nxd1+ 30. Rxd1 {[%emt 0:00:06] [#]} Nf5+ $1 31. Ke2 Nxg3+ 32. Ke1 Rxd1+ 33. Kxd1 Nxe4 34. Kc2 Nf6 35. h4 Nd5 36. Bd2 f6 37. h5 g6 38. hxg6 hxg6 39. Kd1 Kf7 40. Ke2 e5 41. fxe5 fxe5 42. Kf3 Ke6 43. Ke4 Nf6+ 44. Kf3 Kf5 45. Bc3 g5 46. Bd2 Nd5 47. Bc1 e4+ 48. Ke2 c3 49. Kf2 e3+ 50. Ke2 Ke4 51. Ke1 Nf4 52. Kd1 Kd3 53. Ke1 g4 54. Kf1 e2+ 55. Kf2 Ng2 56. Kxg2 e1=Q 57. Bf4 Qe4+ 58. Kg3 Qf3+ 59. Kh4 Qxf4 60. Kh5 c2 61. Kg6 c1=Q 62. Kg7 g3 63. Kh7 g2 64. Kg7 g1=R+ 65. Kh7 Qh6# 0-1